AoeStats
← Rapis94

Arabia

508097661Analyzed
2v2 RM · 13d ago on Sep 20, 2026· 21m 46s· 4 players
Game mode
Random Map
Map size
Medium (4 player)
Population
200
Speed
Normal
Resources
Standard
Victory
Conquest
Starting age
Dark Age
Ending age
Imperial Age
RankedLock teamsTeams togetherTeam positionsShared explorationLock speedFull tech treeHidden civsTurbo modeCheats
Victory
Defeat
🇦🇷 Khmer · Argentina
1129
+14
🇦🇷 Ethiopians · Argentina
1127
+14
🇺🇾 Inca · Uruguay
1087
-14
🇦🇷 Jurchens · Argentina
1084
-14
Gastâo
6:57 Loom
9:38 Feudal Age
11:07 Double-Bit Axe
12:14 Horse Collar
15:00 Scale Barding Armor
Rapis94
3:55 Loom
9:52 Feudal Age
10:50 Champi Runner
11:19 Arson
19:47 Double-Bit Axe
21:12 Forging
21:02 Scale Mail Armor
SamsungA10
7:54 Loom
10:06 Feudal Age
12:07 Double-Bit Axe
12:20 Fletching
23:49 Castle Age
Grischuk
7:32 Loom
10:39 Feudal Age
11:20 Double-Bit Axe
11:16 Horse Collar
16:17 Scale Barding Armor
17:12 Forging
17:25 Town Watch
18:12 Gold Mining
19:39 Wheelbarrow
20:31 Bloodlines
23:52 Castle Age
Connection lost

Rejoining the realm…

Still unreachable

The connection could not be restored.

Session expired

The server has moved on; the page needs a fresh start.